 Dungeon Crawl Stone Soup version 0.31.0-9-g3a7656b989 (webtiles) character file.

Game seed: 13685760502557887007

47 feamirim the Magician (level 3, 0/21 HPs)
             Began as an Octopode Hedge Wizard on Jan 31, 2024.
             Slain by an orc wizard
             ... wielding a +0 dagger
              (1 damage)
             ... on level 2 of the Dungeon.
             The game lasted 00:05:18 (2575 turns).

feamirim the Magician (Octopode Hedge Wizard)       Turns: 2575, Time: 00:05:18

Health: 0/21       AC:  1    Str:  9    XL:     3   Next: 70%
Magic:  5/8        EV: 13    Int: 18    God:
Gold:   103        SH:  0    Dex: 11    Spells: 1/9 levels left

rFire   . . .        a - +0 dagger
rCold   . . .        (no shield)
rNeg    . . .        b - +0 hat
rPois   .            (no amulet)
rElec   .            (no ring)
rCorr   .            (no ring)
SInv    .            (no ring)
Will    .....        (no ring)
Stlth   +++          (no ring)
HPRegen 0.23/turn    (no ring)
MPRegen 0.11/turn    (no ring)
                     (no ring)

%: no passive effects
@: no status effects
A: almost no armour, amphibious, 8 rings, camouflage 1, gelatinous body 1,
(nimble swimmer 1), tentacles
a: no special abilities


You were on level 2 of the Dungeon.
You visited 1 branch of the dungeon, and saw 3 of its levels.

You collected 131 gold pieces.
You spent 28 gold pieces at shops.

Inventory:

Hand Weapons
 a - a +0 dagger (weapon)
Missiles
 g - 4 poisoned darts
Armour
 b - a +0 hat (worn)
Scrolls
 h - 2 scrolls of identify
 i - 2 scrolls of fog {unknown}
 j - 2 scrolls of vulnerability {unknown}
Potions
 c - a potion of magic
 d - a potion of attraction {unknown}
 e - a potion of mutation {unknown}
 f - 2 potions of enlightenment {unknown}
 k - a potion of lignification {unknown}


   Skills:
 - Level 2.0 Dodging
 - Level 2.6 Stealth
 + Level 3.8 Spellcasting
 * Level 2.0 Conjurations
 - Level 1.0 Summonings
 - Level 1.0 Translocations
 * Level 0.6 Air Magic
 * Level 0.2 Alchemy


You had one spell level left.
You knew the following spells:

 Your Spells              Type           Power      Damage    Failure   Level
a - Magic Dart            Conj           40%        1d5       6%          1
b - Blink                 Tloc           14%        N/A       16%         2
c - Call Imp              Summ           14%        N/A       16%         2
d - Mephitic Cloud        Conj/Alch/Air  6%         N/A       30%         3

Your spell library contained the following spells:

 Spells                   Type           Power      Damage    Failure   Level
 Slow                     Hex            12%        N/A       16%         1
 Cigotuvi's Dreadful Rot  Necr/Alch/Air  8%         N/A       21%         2


Dungeon Overview and Level Annotations

Branches:
Dungeon (3/15)

Altars:

Shops:
D:1 :(?

Annotations:
D:3 Natasha


Innate Abilities, Weirdness & Mutations

You cannot wear most types of armour.
You are amphibious.
You can wear up to eight rings at the same time.
Your skin changes colour to match your surroundings (Stealth+).
Your rubbery body absorbs attacks. (AC +1, EV +1)
((You are camouflaged when in or above water. (Stealth+)))
You have tentacles for arms and can constrict up to eight enemies at once.


Message History

Confirm with . or Enter, or press ? or * to list all spells.
Aiming: Magic Dart (safe; 6% risk of failure)
Press: ? - help, Shift-Dir - straight line, f/p - orc wizard
Aim: an orc wizard, wielding a +0 dagger and wearing a +0 robe (100% to hit)
The magic dart hits the orc wizard but does no damage.
The orc wizard hits you with a +0 dagger.
Casting: Magic Dart (safe; 6% risk of failure)
Confirm with . or Enter, or press ? or * to list all spells.
Aiming: Magic Dart (safe; 6% risk of failure)
Press: ? - help, Shift-Dir - straight line, f/p - orc wizard
Aim: an orc wizard, wielding a +0 dagger and wearing a +0 robe (100% to hit)
The magic dart hits the orc wizard.
The orc wizard is lightly wounded.
The orc wizard hits you with a +0 dagger.
Casting: Magic Dart (safe; 6% risk of failure)
Confirm with . or Enter, or press ? or * to list all spells.
Aiming: Magic Dart (safe; 6% risk of failure)
Press: ? - help, Shift-Dir - straight line, f/p - orc wizard
Aim: an orc wizard, wielding a +0 dagger and wearing a +0 robe (lightly wounded, 100% to hit)
The magic dart hits the orc wizard.
The orc wizard is moderately wounded.
The orc wizard mumbles some strange words.
The orc wizard flickers and vanishes!
Deactivating autopickup; reactivate with Ctrl-A.
You aren't carrying any items that you can evoke.
Okay, then.
You hear some strange, mumbled words.
You are confused.
Something hits you.
You miss something. Your squeeze misses something. Something hits you.
Something hits you.
* * * LOW HITPOINT WARNING * * *
You bump into the rock wall.
Something hits you but does no damage.
You feel less confused. Something hits you.
* * * LOW HITPOINT WARNING * * *
Something hits you.
* * * LOW HITPOINT WARNING * * *
Something hits you.
You die...

#..>..##.#####...##
###........# #.....#
#........### ##...##
#.##...#.# ##.##
#.###.##.# #.#
#.##..##.# #.#
#.##.###.# ##'##
#...{....# ##...##
####@##### ##....>#
#.##.## ##.......
##.#...####..<.....
##.........'........
#..#....####........
#.##...## ##.......
#..#...# ##.....#
##....#########...##
####.......# ##+##


There were no monsters in sight!

Vanquished Creatures
  An orc (D:3)
  3 bats
  An endoplasm (D:1)
  A giant cockroach (D:1)
  2 goblins (D:1)
  7 hobgoblins
  3 jackals (D:2)
  4 kobolds
  5 quokkas (D:1)
  6 ball pythons
  3 frilled lizards
  2 rats (D:2)
38 creatures vanquished.

Notes
Turn   | Place    | Note
-------+----------+-------------------------------------------
     0 | D:1      | feamirim the Octopode Hedge Wizard began the quest for the
                  | Orb.
     0 | D:1      | Reached XP level 1. HP: 11/11 MP: 4/4
   279 | D:1      | Reached XP level 2. HP: 17/17 MP: 3/6
   282 | D:1      | Learned a level 2 spell: Blink
   285 | D:1      | Learned a level 2 spell: Call Imp
   643 | D:1      | Found Wodavvuco's Magic Scroll Shop.
   648 | D:1      | Found Ruocy's Antique Weapon Emporium.
   651 | D:1      | Bought a scroll of identify for 28 gold pieces
   700 | D:1      | Found Tops's Book Shoppe.
  1086 | D:1      | Reached XP level 3. HP: 21/21 MP: 1/8
  1090 | D:1      | Learned a level 3 spell: Mephitic Cloud
  2557 | D:3      | Noticed Natasha
  2573 | D:2      | HP: 1/21 [something (4)]
  2575 | D:2      | Slain by an orc wizard

Illustrated notes

Levels and vault maps discovered:
D:1:      amcnicky_arrival_flooded_fountain, layout_basic, serial_shops, shop,
          nicolae_shop_statue_plus, shop, hex_medium, serial_bayou_ford_a
D:2:      layout_loops_corners
D:3:      layout_rooms, nicolae_uskayaw_murder_on_the_dancefloor,
          cheibriados_altar_1, mainiacjoe_overflow_boulevard, uniq_jessica,
          uniq_natasha

Skill      XL: |  1  2  3 |
---------------+----------+-----
Conjurations   | 2 |  2.0
Dodging        | |  2.0
Stealth        | |  2.6
Spellcasting   | |  3.8
Summonings     | |  1.0
Translocations | |  1.0
Air Magic      | |  0.6
Alchemy        | |  0.2

Action                     || total
---------------------------++-------
  Melee: Dagger            ||     6
         Constrict         ||     2
         Tentacles         ||     2
   Cast: Magic Dart        ||   111
 Armour: Skin              ||    19
  Dodge: Dodged            ||     9
